 Dungeon Crawl Stone Soup version 0.25-a0-834-g55863b0b92 (webtiles) character file.

Game seed: 10328848577244782186, levelgen mode: deterministic

21653 Error4North the Cleaver (level 12, -1/165 HPs)
             Began as a Hill Orc Fighter on Apr 22, 2020.
             Was a High Priest of Okawaru.
             Slain by a 16-headed hydra (8 damage)
             ... on level 13 of the Dungeon.
             The game lasted 00:56:17 (13560 turns).

Error4North the Cleaver (Hill Orc Fighter)         Turns: 13560, Time: 00:56:17

Health: -1/165     AC: 26    Str: 26    XL:     12   Next: 92%
Magic:  17/17      EV:  2    Int:  9    God:    Okawaru [*****.]
Gold:   927        SH: 17    Dex: 18    Spells: 11/11 levels left

rFire    . . .     SeeInvis .   a - +1 war axe
rCold    . . .     Gourm    .   c - +1 kite shield
rNeg     + + +     Faith    .   (armour currently unavailable)
rPois    +         Spirit   .   (helmet currently unavailable)
rElec    .         Reflect  .   (cloak currently unavailable)
rCorr    .         Harm     .   (gloves currently unavailable)
MR       .....     NoTele   +   (boots currently unavailable)
Stlth    +++.......             (no amulet)
HPRegen  0.37/turn              i - +2 ring of evasion
MPRegen  0.15/turn              w - ring "Eraewi" {*Slow rN+ Str+3 Dex+8}

@: tree-form, vulnerable, heroism, hasted, very quick
A: no striking features
a: Heroism, Finesse, Renounce Religion


You were on level 13 of the Dungeon.
You worshipped Okawaru.
Okawaru was extremely pleased with you.
You were very hungry.
You were a tree.
You visited 3 branches of the dungeon, and saw 15 of its levels.

You collected 1193 gold pieces.
You spent 266 gold pieces at shops.

Inventory:

Hand Weapons
 a - a +1 war axe (weapon)
Missiles
 v - 24 boomerangs (quivered)
 I - 2 silver javelins
Armour
 c - a +1 kite shield (worn)
 h - a +0 pair of boots (melded)
 r - a +0 helmet (melded)
 x - a +0 plate armour (melded)
 H - a scarf of resistance (melded)
 L - the +1 pair of gloves of Gluttony (melded) {rElec rC++ rCorr Dex-5}
   (You bought it in a shop on level 10 of the Dungeon)

   It affects your dexterity (-5).
   It greatly protects you from cold.
   It insulates you from electricity.
   It provides partial protection from all sources of acid and corrosion.
Jewellery
 i - a +2 ring of evasion (left branch)
 w - the ring "Eraewi" (right branch) {*Slow rN+ Str+3 Dex+8}
   (You found it on level 5 of the Dungeon)

   [ring of positive energy]

   It affects your strength (+3).
   It affects your dexterity (+8).
   It protects you from negative energy.
   It may slow you when you take damage.
 C - an uncursed ring of resist corrosion
Wands
 b - a wand of enslavement (14)
 t - a wand of iceblast (11)
 z - a wand of acid (3)
 B - a wand of digging (3)
 G - a wand of flame (10)
 K - a wand of random effects (26)
Scrolls
 e - 7 scrolls of identify
 n - 4 scrolls of immolation
 o - 3 scrolls of teleportation
 p - 2 scrolls of fog
 q - 3 scrolls of remove curse
 s - a scroll of blinking
 y - a scroll of amnesia
Potions
 d - 3 potions of might
 g - 7 potions of curing
 j - 5 potions of lignification
 l - 3 potions of flight
 m - 3 potions of haste
 u - 2 potions of mutation {unknown}
 F - a potion of cancellation {unknown}
Comestibles
 f - 21 rations


   Skills:
 * Level 11.4(16.4) Fighting
 + Level 13.5(18.5) Axes
 + Level 1.5(6.5) Throwing
 * Level 9.9(14.9) Armour
 + Level 1.5(6.5) Dodging
 + Level 1.3(6.3) Stealth
 * Level 11.8(16.8) Shields
 * Level 7.8 Invocations
 * Level 4.7 Evocations


You had 11 spell levels left.
You didn't know any spells.
Your spell library contained the following spells:

 Spells                   Type           Power        Failure   Level  Hunger
 Animate Skeleton         Necr           N/A          38%         1    ##.....
 Apportation              Tloc           #.....       38%         1    ##.....
 Corona                   Hex            #......      38%         1    ##.....
 Sandblast                Erth           #.....       38%         1    ##.....
 Summon Small Mammal      Summ           #...         38%         1    ##.....
 Ensorcelled Hibernation  Hex/Ice        #.....       52%         2    ###....
 Passwall                 Tmut/Erth      #.......     52%         2    ###....
 Confusing Touch          Hex            #.......     77%         3    ####...
 Dazzling Flash           Conj/Hex       #.....       77%         3    ####...
 Stone Arrow              Conj/Erth      #.....       77%         3    ####...
 Tukima's Dance           Hex            #.......     77%         3    ####...
 Petrify                  Tmut/Erth      #.......     99%         4    #####..
 Lee's Rapid Deconstruct  Erth           #.........   100%        5    ######.


Dungeon Overview and Level Annotations

Branches:
Dungeon (13/15)            Temple (1/1) D:5            Lair (0/6) D:10
    Orc (1/2) D:9
 Vaults: D:13-14

Altars:
Ashenzari
Cheibriados
Dithmenos
Elyvilon
Fedhas
Gozag
Hepliaklqana
Kikubaaqudgha
Makhleb
Nemelex Xobeh
Okawaru
Qazlal
Ru
Sif Muna
Trog
Uskayaw
Vehumet
Wu Jian
Xom
Yredelemnul
Zin
The Shining One

Shops:
D:6 :%*%   D:10 [:[%[

Annotations:
D:2 2 transporters
D:6 exclusion: oklob plant
D:11 3 runed translucent doors


Message History

You completely miss the 15-headed hydra.
The 15-headed hydra is heavily wounded.
You lop one of the 15-headed hydra's heads off!
The 14-headed hydra grows two more!
You slash the 16-headed hydra!
The 16-headed hydra is heavily wounded.
The 16-headed hydra barely misses you.
The 16-headed hydra bites you but does no damage.
The 16-headed hydra bites you.
* * * LOW HITPOINT WARNING * * *
You block the 16-headed hydra's attack. x2; The 16-headed hydra bites you.
* * * LOW HITPOINT WARNING * * *
The 16-headed hydra bites you.
* * * LOW HITPOINT WARNING * * *
The 16-headed hydra bites you!
* * * LOW HITPOINT WARNING * * *
The 16-headed hydra bites you but does no damage.
You block the 16-headed hydra's attack.
The 16-headed hydra bites you but does no damage.
The 16-headed hydra bites you!
You die...

##############################
..............................
(..........# #................
#..........# #............#...
#......[...###.......)†)......
......####..D♣......)##.....##
..... #.....#####.##.#####.
.... #######...#.##.#..... ###
#.>.#.##.#.....
#...#.##.#.....
#...#.##.#..##. ###+##
#...#.##.#..##. #....######
##..#.##.#####.
#.........######..#.##.#.....


You could see a 16-headed hydra.

Vanquished Creatures
  A centaur warrior (D:13)
  A two-headed ogre (D:10)
  A tengu warrior (D:13)
  An unseen horror (D:11)
  An orc knight (Orc:1)
  3 orc sorcerers (Orc:1)
  An ugly thing (D:13)
  A manticore (D:13)
  A gargoyle (D:8)
  Maggie (D:9)
  A centaur skeleton (D:12)
  4 trolls
  2 hippogriffs
  2 shadows
  Eustachio (D:6)
  A basilisk (D:13)
  15 yaks
  Grum (D:7)
  2 hungry ghosts (D:9)
  4 wargs
  2 water moccasins
  3 soldier ants
  7 ice beasts
  3 sky beasts
  4 black bears
  9 orc warriors
  3 necrophages
  6 phantoms
  8 ogres
  A wolf (D:7)
  15 centaurs
  A crocodile (D:13)
  An elf zombie (D:7)
  3 big kobolds
  8 bullfrogs
  Blork the orc (D:5)
  4 gnoll sergeants (D:7)
  A water moccasin zombie (D:9)
  2 wyvern skeletons
  6 scorpions
  5 killer bees (D:12)
  27 wights
  A howler monkey (D:6)
  3 crimson imps
  A bullfrog zombie (D:13)
  A centaur zombie (D:6)
  11 hounds
  A quasit (D:11)
  5 human zombies (D:7)
  14 jellies
  13 orc priests
  2 bullfrog skeletons
  A gnoll shaman (D:7)
  Jessica (D:3)
  5 iguanas
  A human skeleton (D:7)
  15 orc wizards
  9 worker ants
  2 hound skeletons
  2 mummies (D:7)
  A howler monkey zombie (D:5)
  A worker ant zombie (D:11)
  12 gnolls (D:7)
  10 adders
  2 shadow imps
  12 oozes (D:6)
  An adder zombie (D:6)
  2 worms (D:3)
  A dart slug (D:2)
  4 leopard geckos
  74 orcs
  A ball python (D:4)
  8 bats
  7 giant cockroaches
  10 goblins
  8 hobgoblins
  17 jackals
  23 kobolds
  7 quokkas
  A ball python zombie (D:6)
  7 frilled lizards
  A leopard gecko zombie (D:8)
  An orc zombie (D:7)
  A quokka skeleton (D:4)
  7 rats
472 creatures vanquished.

Vanquished Creatures (collateral kills)
  An orc (Orc:1)
1 creature vanquished.

Vanquished Creatures (others)
  An orc warrior (Orc:1)
  A worker ant (D:9)
  5 fungi (D:6)
7 creatures vanquished.

Grand Total: 480 creatures vanquished

Notes
Turn   | Place    | Note
-------+----------+-------------------------------------------
     0 | D:1      | Error4North the Hill Orc Fighter began the quest for the
                  | Orb.
     0 | D:1      | Reached XP level 1. HP: 19/19 MP: 1/1
   204 | D:1      | Reached XP level 2. HP: 25/27 MP: 2/2
   345 | D:1      | Reached XP level 3. HP: 25/33 MP: 3/3
   356 | D:1      | Reached skill level 3 in Axes
  1020 | D:2      | Reached XP level 4. HP: 36/40 MP: 4/4
  1207 | D:2      | Found a transporter.
  1214 | D:2      | Found a bloodstained altar of Trog.
  1215 | D:2      | Found a transporter.
  1216 | D:2      | Found a shattered altar of Ashenzari.
  1217 | D:2      | Noticed a sky beast
  1396 | D:2      | Found a stormy altar of Qazlal.
  1720 | D:3      | Noticed Jessica
  1726 | D:3      | Killed Jessica
  1726 | D:3      | Reached skill level 4 in Axes
  1726 | D:3      | Reached XP level 5. HP: 47/47 MP: 5/5
  2201 | D:3      | Reached XP level 6. HP: 52/55 MP: 6/6
  2224 | D:3      | Reached skill level 5 in Fighting
  2364 | D:3      | Found an iron altar of Okawaru.
  2368 | D:3      | Became a worshipper of Warmaster Okawaru
  2517 | D:3      | Reached skill level 5 in Axes
  2927 | D:4      | Reached skill level 5 in Shields
  3222 | D:4      | Found a radiant altar of Vehumet.
  3538 | D:4      | Reached XP level 7. HP: 61/61 MP: 7/7
  3683 | D:5      | Entered Level 5 of the Dungeon
  3713 | D:5      | Got a fine marble ring
  3736 | D:5      | Reached * piety under Okawaru
  3736 | D:5      | Reached skill level 6 in Axes
  3919 | D:5      | Reached skill level 5 in Armour
  3940 | D:5      | Noticed Blork the orc
  3958 | D:5      | Killed Blork the orc
  4258 | D:5      | Found a staircase to the Ecumenical Temple.
  4290 | D:5      | Reached skill level 7 in Axes
  4290 | D:5      | Reached skill level 1 in Dodging
  4290 | D:5      | Reached XP level 8. HP: 43/70 MP: 8/8
  4292 | Temple   | Entered the Ecumenical Temple
  4467 | D:5      | Noticed a hippogriff
  4474 | D:5      | Killed a hippogriff
  4644 | D:5      | Reached ** piety under Okawaru
  4670 | D:5      | Found an ornate altar of the Wu Jian Council.
  4975 | D:6      | Reached skill level 8 in Axes
  5028 | D:6      | Found Aneorac's Food Shop.
  5043 | D:6      | Found Nuof's Assorted Antiques.
  5054 | D:6      | Found Lostrosu's Food Boutique.
  5117 | D:6      | Reached XP level 9. HP: 52/79 MP: 9/9
  5150 | D:6      | Reached *** piety under Okawaru
  5207 | D:6      | Noticed an oklob plant
  5391 | D:6      | Noticed Eustachio
  5401 | D:6      | Killed Eustachio
  5401 | D:6      | Reached skill level 9 in Axes
  5937 | D:6      | Found Cibier's Book Shop.
  5971 | D:7      | Reached skill level 1 in Invocations
  6112 | D:7      | Found a basalt altar of Yredelemnul.
  6757 | D:7      | Reached **** piety under Okawaru
  6757 | D:7      | Reached XP level 10. HP: 78/90 MP: 11/11
  6899 | D:7      | Reached skill level 10 in Axes
  6909 | D:7      | Reached skill level 1 in Stealth
  7046 | D:7      | Noticed Grum
  7057 | D:7      | Killed Grum
  7226 | D:7      | Identified the ring "Eraewi" {*Slow rN+ Str+3 Dex+8} (You
                  | found it on level 5 of the Dungeon)
  7835 | D:8      | Noticed a gargoyle
  7854 | D:8      | Killed a gargoyle
  8160 | D:9      | Reached skill level 1 in Evocations
  8166 | D:9      | Found a bloodstained altar of Trog.
  8180 | D:9      | Received a gift from Okawaru
  8402 | D:9      | Noticed Maggie
  8423 | D:9      | Reached ***** piety under Okawaru
  8423 | D:9      | Reached skill level 11 in Axes
  8426 | D:9      | Reached XP level 11. HP: 99/99 MP: 13/13
  8435 | D:9      | Received a gift from Okawaru
  8435 | D:9      | Reached skill level 1 in Throwing
  8461 | D:9      | Killed Maggie
  8628 | D:9      | Reached skill level 10 in Fighting
  8685 | D:9      | Reached skill level 10 in Shields
  8816 | D:9      | Found a staircase to the Orcish Mines.
  8823 | Orc:1    | Entered Level 1 of the Orcish Mines
  8956 | Orc:1    | Noticed an orc sorcerer
  8966 | Orc:1    | Killed an orc sorcerer
  9056 | Orc:1    | Noticed an orc sorcerer
  9066 | Orc:1    | Noticed a soul eater
  9066 | Orc:1    | Killed an orc sorcerer
  9298 | Orc:1    | Noticed an orc sorcerer
  9305 | Orc:1    | Noticed a soul eater
  9312 | Orc:1    | Paralysed by an orc sorcerer for 3 turns
  9317 | Orc:1    | Killed an orc sorcerer
  9317 | Orc:1    | Received a gift from Okawaru
  9698 | Orc:1    | Noticed an orc knight
  9704 | Orc:1    | Reached skill level 5 in Invocations
  9744 | Orc:1    | Killed an orc knight
 10179 | D:10     | Entered Level 10 of the Dungeon
 10280 | D:10     | Found Tinoz's Antique Armour Boutique.
 10351 | D:10     | Found Mecao's Antique Armour Emporium.
 10413 | D:10     | Found Maelaul's Food Shop.
 10432 | D:10     | Reached skill level 12 in Axes
 10545 | D:10     | Noticed a two-headed ogre
 10554 | D:10     | Killed a two-headed ogre
 10599 | D:10     | Found Wuinn's Book Shoppe.
 10722 | D:10     | Found a staircase to the Lair.
 10899 | D:10     | Found Piris's Antique Armour Boutique.
 10933 | D:10     | Bought a pair of jewelled gloves for 266 gold pieces
 10937 | D:10     | Identified the +1 pair of gloves of Gluttony {rElec rC++
                  | rCorr Dex-5} (You bought it in a shop on level 10 of the
                  | Dungeon)
 11117 | D:11     | Reached XP level 12. HP: 108/108 MP: 13/16
 11344 | D:11     | Found a runed translucent gate.
 11344 | D:11     | Found a runed translucent gate.
 11344 | D:11     | Found a runed translucent gate.
 11344 | D:11     | Noticed a green very ugly thing
 12426 | D:12     | Reached skill level 13 in Axes
 12873 | D:13     | Noticed a centaur warrior
 12905 | D:13     | Killed a centaur warrior
 13132 | D:13     | Noticed a tengu warrior
 13154 | D:13     | Killed a tengu warrior
 13452 | D:13     | Received a gift from Okawaru
 13531 | D:13     | Noticed an eight-headed hydra
 13534 | D:13     | Received a gift from Okawaru
 13560 | D:13     | HP: 7/165 [16-headed hydra (7)]
 13560 | D:13     | Slain by a 16-headed hydra

Levels and vault maps discovered:
D:1:      minmay_arrival_loop, layout_loops_ring
D:2:      layout_loops_ring, nicolae_qazlal_eye_of_the_storm,
          gammafunk_temple_overflow_arena, minmay_3d_cube
D:3:      layout_loops_ring, marbit_many_paths, first_ration,
          kennysheep_cross_room, uniq_jessica
D:4:      layout_loops_corners, old_standard_altar
D:5:      layout_basic, nicolae_overflow_hidden_temple,
          minmay_temple_entry_tees, minmay_misc_feat_nine_boxes,
          uniq_blork_the_orc
D:6:      lemuel_slime, layout_gridville, serial_shops,
          nicolae_shop_overgrown_old_shop, nicolae_shop_waterfront,
          shop_fountains, kennysheep_mini_moat, uniq_eustachio
D:7:      layout_cave_pools, serial_gnoll_camp, gnoll_camp_mini_house,
          gnoll_camp_mini_house, gnoll_camp_mini_hut, grums_kennel,
          gnoll_camp_huts_basic, grunt_ogre_cave,
          lemuel_mausoleum_altar_yredelemnul
D:8:      layout_cave_pools
D:9:      layout_rooms, orc_0_dummy, trog_ov_bears_minmay, uniq_maggie
D:10:     layout_cave_pods, erik_lair_orcish_takeover, serial_shops, shop,
          kennysheep_little_box, nicolae_shop_overgrown_old_shop, shop,
          nicolae_shop_overgrown_old_shop, grunt_decor_arrowhead,
          solitary_fountain, chequers_serial_rivers_room_b
D:11:     layout_roguey, ploomutoo_gammafunk_ghost_potion_laboratory,
          feat_on_display
D:12:     layout_roguey
D:13:     layout_stronghold
Temple:   nicolae_temple_elliptical
Orc:1:    layout_diamond_mine

Skill      XL: |  1  2  3  4  5  6  7  8  9 10 11 12 |
---------------+-------------------------------------+-----
Fighting       | 4 5 6 7 8 9 10 11 | 11.4
Axes           | 3 4 5 7 8 9 11 12 13 | 13.5
Armour         | 4 5 6 7 8 9 |  9.9
Shields        | 4 5 6 8 9 10 11 | 11.8
Dodging        | 1 |  1.5
Invocations    | 1 3 6 7 |  7.8
Stealth        | 1 |  1.3
Evocations     | 1 3 4 |  4.7
Throwing       | 1 |  1.5

Action                   |  1- 3 |  4- 6 |  7- 9 | 10-12 || total
-------------------------+-------+-------+-------+-------++-------
Melee: War axe           |   133 |   234 |   466 |   933 ||  1766
Throw: Boomerang         |       |       |    14 |    44 ||    58
Invok: Heroism           |       |       |    11 |    34 ||    45
       Finesse           |       |       |       |     4 ||     4
Evoke: Wand              |       |       |       |     6 ||     6
  Use: Potion            |       |     2 |       |     4 ||     6
       Scroll            |       |       |       |    18 ||    18
  Eat: Chunk             |     1 |     8 |     8 |    23 ||    40
       Ration            |       |       |     1 |       ||     1
Armor: Scale mail        |    65 |    21 |       |       ||    86
       Chain mail        |       |    97 |   155 |    23 ||   275
       Plate armour      |       |       |       |   287 ||   287
       Skin              |       |       |       |    63 ||    63
Dodge: Dodged            |    64 |    75 |   129 |   258 ||   526
Block: Kite shield       |    78 |   114 |   238 |   658 ||  1088

Table legend:
 A = Non-vault XP
 B = Vault XP
 C = Vault XP percentage of total XP
 D = Non-vault monster count
 E = Vault monster count
 F = Vault count percentage of total count
                 A         B        C        D         E       F
            +---------+---------+-------+---------+---------+-------
      Total |   27188 |    3746 |  12.1 |     393 |      81 |  17.1
            +---------+---------+-------+---------+---------+-------
        D:1 |      44 |       0 |   0.0 |      25 |       0 |   0.0
        D:2 |      76 |      20 |  20.8 |      25 |       5 |  16.7
        D:3 |     308 |      39 |  11.2 |      36 |       2 |   5.3
        D:4 |     140 |       0 |   0.0 |      19 |       0 |   0.0
        D:5 |    1048 |      90 |   7.9 |      27 |       1 |   3.6
        D:6 |     671 |     677 |  50.2 |      14 |      22 |  61.1
        D:7 |     968 |    1734 |  64.2 |      18 |      41 |  69.5
        D:8 |    1627 |       0 |   0.0 |      19 |       0 |   0.0
        D:9 |    2927 |     588 |  16.7 |      33 |       3 |   8.3
       D:10 |    3094 |     598 |  16.2 |      30 |       7 |  18.9
       D:11 |    3122 |       0 |   0.0 |      54 |       0 |   0.0
       D:12 |    5128 |       0 |   0.0 |      47 |       0 |   0.0
       D:13 |    4344 |       0 |   0.0 |      20 |       0 |   0.0
      Orc:1 |    3691 |       0 |   0.0 |      26 |       0 |   0.0
            +---------+---------+-------+---------+---------+-------
